AoeStats
← DK_Odysseo

Arena

510305031Analyzed
1v1 RM · 2d ago on Sep 30, 2026· 45m 7s· 2 players
Game mode
Random Map
Map size
Tiny (2 player)
Population
200
Speed
Normal
Resources
Standard
Victory
Conquest
Starting age
Dark Age
Ending age
Imperial Age
RankedLock teamsTeams togetherTeam positionsShared explorationLock speedFull tech treeHidden civsTurbo modeCheats
Victory
Defeat
🇪🇸 Byzantines · Spain
1908
+13
🇨🇿 Gurjaras · Czechia
1840
-13
alesh
9:47 Feudal Age
13:52 Castle Age
12:09 Double-Bit Axe
12:56 Horse Collar
15:44 Bow Saw
16:28 Light Cavalry
23:48 Gold Mining
24:50 Wheelbarrow
25:08 Stone Mining
25:14 Loom
26:31 Hand Cart
29:21 Imperial Age
28:09 Gold Shaft Mining
27:38 Heavy Plow
27:38 Town Watch
28:13 Scale Mail Armor
28:24 Forging
30:41 Iron Casting
30:22 Chain Mail Armor
31:30 Chemistry
31:35 Plate Mail Armor
31:41 Iron Casting
31:53 Elite Chakram Thrower
32:42 Fletching
34:02 Masonry
38:44 Town Patrol
39:52 Kshatriyas
40:09 Conscription
40:27 Crop Rotation
40:13 Scale Barding Armor
40:04 Bodkin Arrow
40:32 Frontier Guards
41:18 Chain Barding Armor
41:58 Hussar
42:39 Husbandry
43:58 Bracer
45:33 Plate Barding Armor
45:38 Bloodlines
DK_Odysseo
11:09 Feudal Age
14:49 Castle Age
12:55 Double-Bit Axe
13:42 Horse Collar
14:29 Fletching
16:42 Bodkin Arrow
19:32 Crossbowman
24:39 Wheelbarrow
24:14 Gold Mining
24:39 Bow Saw
24:25 Gold Mining
28:08 Imperial Age
25:24 Loom
25:31 Loom
26:24 Padded Archer Armor
27:13 Ballistics
26:47 Crossbowman
28:51 Bracer
30:11 Chemistry
29:59 Arbalester
32:44 Conscription
35:00 Scale Barding Armor
35:05 Forging
35:43 Leather Archer Armor
36:10 Chain Barding Armor
36:00 Forging
36:47 Gold Shaft Mining
36:02 Stone Mining
37:33 Ring Archer Armor
38:42 Plate Barding Armor
39:11 Iron Casting
39:12 Elite Cataphract
40:36 Logistica
42:19 Conscription
Connection lost

Rejoining the realm…

Still unreachable

The connection could not be restored.

Session expired

The server has moved on; the page needs a fresh start.